 Dungeon Crawl Stone Soup version 0.26.0-16-gc1dbca0489 (webtiles) character file.

Game seed: 16347096079046826512

1854 SturgillTurtle the Cleaver (level 8, -5/58 HPs)
             Began as a Demonspawn Fighter on Jan 22, 2021.
             Killed by divine providence
             ... invoked by an orc priest
              (11 damage)
             ... on level 7 of the Dungeon.
             The game lasted 00:14:26 (6711 turns).

SturgillTurtle the Cleaver (Demonspawn Fighter)     Turns: 6711, Time: 00:14:27

Health: -5/58      AC:  7    Str: 26    XL:     8   Next: 89%
Magic:  8/8        EV:  7    Int:  9    God:
Gold:   47         SH:  9    Dex: 12    Spells: 7/7 levels left

rFire    . . .     SeeInvis .   w - +3 war axe (elec)
rCold    . . .     Faith    .   c - +0 kite shield
rNeg     . . .     Spirit   .   b - +0 scale mail
rPois    .         Reflect  .   l - +0 hat
rElec    .         Harm     .   (no cloak)
rCorr    .         Rampage  .   (no gloves)
Will     .....                  x - +0 pair of boots
Stlth    ..........             (no amulet)
HPRegen  0.19/turn              F - +6 ring of strength
MPRegen  0.11/turn              (no ring)

@: no status effects
A: claws 1, demonic guardian 1, spiny 3
a: no special abilities


You were on level 7 of the Dungeon.
You visited 1 branch of the dungeon, and saw 7 of its levels.

You collected 216 gold pieces.
You spent 169 gold pieces at shops.

Inventory:

Hand Weapons
 w - a +3 war axe of electrocution (weapon)
Missiles
 a - a throwing net (quivered)
Armour
 b - a +0 scale mail (worn)
 c - a +0 kite shield (worn)
 l - a +0 hat (worn)
 x - a +0 pair of boots (worn)
Jewellery
 F - a +6 ring of strength (left claw)
Wands
 s - a wand of polymorph (7)
 t - a wand of flame (18)
 y - a wand of acid (10)
Scrolls
 h - a scroll of amnesia
 k - 2 scrolls of remove curse
 m - 7 scrolls of identify
Potions
 d - a potion of might
 e - a potion of resistance {unknown}
 g - a potion of flight {unknown}
 j - 2 potions of heal wounds
 n - 3 potions of curing
 p - 4 potions of brilliance {unknown}
 r - 2 potions of magic {unknown}
 u - a potion of degeneration {unknown}
 v - 2 potions of cancellation {unknown}
 z - a potion of lignification {unknown}
 D - a potion of invisibility {unknown}


   Skills:
 - Level 3.0 Fighting
 + Level 10.6 Axes
 - Level 2.6 Armour
 - Level 2.6 Shields


You had 7 spell levels left.
You didn't know any spells.
Your spell library was empty.

Dungeon Overview and Level Annotations

Branches:
Dungeon (7/15)
 Temple: D:4-7

Altars:
Ashenzari
Cheibriados
Okawaru
Qazlal
Trog
Vehumet
Xom
Yredelemnul

Shops:
D:6 !

Annotations:
D:7 Prince Ribbit


Innate Abilities, Weirdness & Mutations

You have sharp fingernails.
A weak demonic guardian rushes to your aid.
You are completely covered in sharp spines.


Message History

The orc wizard looks satisfied for a moment.
The orc wizard is struck by your spines.
The orc wizard hits you with a +0 dagger.
The orc priest begins to cast a cantrip, but forgets the words!
Okay, then.
You block the orc warrior's attack.
The orc priest casts a cantrip, but nothing happens.
The orc priest calls upon Beogh to heal the orc.
The orc is healed somewhat.
You hit the orc warrior but do no damage.
Lightning courses through the orc warrior!
The orc warrior is almost dead.
You slash the orc wizard!
Lightning courses through the orc wizard!
You kill the orc wizard!
The orc warrior hits you with a +0 war axe!
* * * LOW HITPOINT WARNING * * *
The orc priest mumbles some strange prayers to Beogh against you.
Beogh smites you!
You die...

#.....[.#......##
#.......#.....#..
+.......#.....#..
#.......#.....#..
###+####+#.......#'#####..
..........................
.....o....................
........o.................
.......oo@................
........F.................
..........................
###......########'########
#......#.............#
#......#.............#
#......#.............#
#......#....########## #
####....####....####


You could see Prince Ribbit, an orc warrior, an orc priest, an orc wizard and an
orc.

Vanquished Creatures
  Grinder (D:5)
  A human (D:4)
  A water moccasin (D:7)
  An orc warrior (D:6)
  A centaur (D:7)
  Blork the orc (D:4)
  A scorpion (D:6)
  2 centaur zombies
  5 orc wizards (D:7)
  A bullfrog skeleton (D:4)
  4 orc priests
  3 hounds
  2 centaur skeletons
  3 iguanas
  4 worker ants
  A hound zombie (D:5)
  A worker ant zombie (D:7)
  9 adders
  13 gnolls
  2 white imps
  3 ufetubi
  An adder skeleton (D:7)
  A dart slug (D:3)
  A leopard gecko (D:1)
  11 orcs
  7 bats
  5 giant cockroaches
  7 goblins
  9 hobgoblins
  3 jackals (D:5)
  2 quokkas
  A ball python (D:6)
  6 frilled lizards
  A jackal skeleton (D:4)
  12 kobolds
  A quokka skeleton (D:6)
  5 rats
133 creatures vanquished.

Vanquished Creatures (collateral kills)
  Sigmund (D:3)
  A sky beast (D:5)
  An iguana (D:7)
  2 gnolls (D:5)
  An adder (D:5)
  An adder skeleton (D:5)
  A jackal (D:5)
8 creatures vanquished.

Grand Total: 141 creatures vanquished

Notes
Turn   | Place    | Note
-------+----------+-------------------------------------------
     0 | D:1      | SturgillTurtle the Demonspawn Fighter began the quest for
                  | the Orb.
     0 | D:1      | Reached XP level 1. HP: 18/18 MP: 1/1
    22 | D:1      | Reached skill level 2 in Axes
   276 | D:1      | Gained mutation: You are partially covered in sharp spines.
                  | [demonic ancestry]
   276 | D:1      | Reached XP level 2. HP: 23/24 MP: 2/2
   629 | D:1      | Reached skill level 3 in Axes
   974 | D:2      | Gained mutation: A weak demonic guardian rushes to your
                  | aid. [demonic ancestry]
   974 | D:2      | Reached XP level 3. HP: 29/29 MP: 3/3
  1036 | D:2      | You fall into a shaft and drop 1 floor!
  1036 | D:3      | Found a stormy altar of Qazlal.
  1285 | D:3      | Found a shimmering altar of Xom.
  1821 | D:3      | Reached XP level 4. HP: 34/34 MP: 4/4
  1847 | D:3      | Reached skill level 4 in Axes
  2402 | D:3      | Noticed Sigmund
  2410 | D:3      | Killed Sigmund
  2411 | D:3      | Reached skill level 5 in Axes
  2411 | D:3      | Gained mutation: You are mostly covered in sharp spines.
                  | [demonic ancestry]
  2411 | D:3      | Reached XP level 5. HP: 34/41 MP: 5/5
  3079 | D:4      | Reached XP level 6. HP: 43/47 MP: 6/6
  3202 | D:4      | Reached skill level 6 in Axes
  3419 | D:4      | Found a runed translucent door.
  3419 | D:4      | Noticed a human
  3424 | D:4      | Found a basalt altar of Yredelemnul.
  3439 | D:4      | Killed a human
  3620 | D:4      | Reached skill level 7 in Axes
  3620 | D:4      | Gained mutation: You have sharp fingernails. [demonic
                  | ancestry]
  3620 | D:4      | Reached XP level 7. HP: 52/52 MP: 7/7
  3640 | D:4      | Found an iron altar of Okawaru.
  3711 | D:4      | Noticed Blork the orc
  3721 | D:4      | Killed Blork the orc
  3856 | D:5      | Entered Level 5 of the Dungeon
  4003 | D:5      | Noticed Grinder
  4011 | D:5      | Killed Grinder
  4012 | D:5      | Reached skill level 8 in Axes
  4084 | D:5      | Gained mutation: You are completely covered in sharp
                  | spines. [demonic ancestry]
  4084 | D:5      | Reached XP level 8. HP: 21/58 MP: 8/8
  4637 | D:6      | Reached skill level 9 in Axes
  4907 | D:6      | Found Efix's Distillery.
  4911 | D:6      | Bought a potion of haste for 130 gold pieces
  4911 | D:6      | Bought a potion of curing for 39 gold pieces
  5443 | D:6      | Found a snail-covered altar of Cheibriados.
  5943 | D:7      | Reached skill level 10 in Axes
  6683 | D:7      | Found a broken altar of Ashenzari.
  6683 | D:7      | Found a bloodstained altar of Trog.
  6684 | D:7      | Found a radiant altar of Vehumet.
  6706 | D:7      | Noticed Prince Ribbit
  6711 | D:7      | Killed from afar by an orc priest

Illustrated notes

Levels and vault maps discovered:
D:1:      lightli_iron_boxes, layout_loops_ring, minmay_misc_feat_encased
D:2:      layout_loops_ring
D:3:      layout_loops_ring, lemuel_doored_altar,
          nicolae_qazlal_general_emergency, uniq_sigmund
D:4:      layout_basic, okawaru_altar_gauntlet_db, dk_yredelemnul_ordeal,
          uniq_blork_the_orc
D:5:      layout_rooms, hex_large, uniq_grinder
D:6:      layout_loops_corners, marbit_many_paths, serial_shops,
          nicolae_shop_stone, nicolae_sextant
D:7:      layout_gridville, nicolae_overflow_quartered_altars, temple_green,
          uniq_prince_ribbit1, uniq_maggie

Skill      XL: |  1  2  3  4  5  6  7  8 |
---------------+-------------------------+-----
Axes           | 2 3 5 7 8 10 | 10.6
Fighting       | |  3.0
Armour         | |  2.6
Shields        | |  2.6

Action                   |  1- 3 |  4- 6 |  7- 9 || total
-------------------------+-------+-------+-------++-------
Melee: War axe           |   113 |    87 |   130 ||   330
  Use: Scroll            |       |       |    10 ||    10
       Potion            |       |       |     4 ||     4
Armor: Scale mail        |    64 |    17 |    46 ||   127
Dodge: Dodged            |    34 |    24 |    32 ||    90
Block: Kite shield       |    66 |    42 |    87 ||   195
